 Dungeon Crawl Stone Soup version 0.26-b1-52-g61e05abef2 (webtiles) character file.

Game seed: 1397333208123140423

145 sizableburger the Chiller (level 5, 0/30 HPs)
             Began as a Kobold Ice Elementalist on Jan 7, 2021.
             Slain by a scorpion (6 damage)
             ... on level 3 of the Dungeon.
             The game lasted 00:07:34 (3334 turns).

sizableburger the Chiller (Kobold Ice Elementalist) Turns: 3334, Time: 00:07:35

Health: 0/30       AC:  8    Str:  5    XL:     5   Next: 53%
Magic:  5/9        EV: 16    Int: 18    God:
Gold:   117        SH:  0    Dex: 15    Spells: 3/10 levels left

rFire    . . .     SeeInvis .   g - +0 short sword
rCold    . . .     Faith    .   (shield restricted)
rNeg     . . .     Spirit   .   a - +0 robe
rPois    .         Reflect  .   (helmet restricted)
rElec    .         Harm     .   (no cloak)
rCorr    .         Rampage  .   (no gloves)
Will     .....                  (no boots)
Stlth    +++.......             (no amulet)
HPRegen  0.10/turn              (no ring)
MPRegen  0.11/turn              (no ring)

@: lethally poisoned (0 -> -14), icy armour
A: small, horns 1, nightstalker 3, robust 1
a: no special abilities


You were on level 3 of the Dungeon.
You visited 1 branch of the dungeon, and saw 3 of its levels.

You collected 117 gold pieces.

Inventory:

Hand Weapons
 g - a +0 short sword (weapon)
Armour
 a - a +0 robe (worn)
Jewellery
 k - a cursed amulet of inaccuracy {unknown}
Wands
 l - a wand of flame (13)
Scrolls
 b - 5 scrolls of identify {unknown}
 d - a scroll of amnesia {unknown}
 e - 3 scrolls of teleportation {unknown}
 i - a scroll of magic mapping {unknown}
 m - a scroll of remove curse {unknown}
Potions
 c - a potion of mutation
 f - 2 potions of degeneration {unknown}
 h - a potion of attraction {unknown}
 j - a potion of ambrosia {unknown}


   Skills:
 + Level 2.2 Short Blades
 + Level 3.8 Dodging
 - Level 2.9 Stealth
 + Level 3.2 Spellcasting
 + Level 4.9 Ice Magic


You had 3 spell levels left.
You knew the following spells:

 Your Spells              Type           Power        Failure   Level
a - Freeze                Ice            80%          2%          1
b - Frozen Ramparts       Ice            40%          6%          3
c - Ozocubu's Armour      Ice            20%          6%          3

Your spell library contained the following spells:

 Spells                   Type           Power        Failure   Level
 Hailstorm                Conj/Ice       11%          50%         4
 Summon Ice Beast         Ice/Summ       11%          50%         4


Dungeon Overview and Level Annotations

Branches:
Dungeon (3/15)

Altars:
Ashenzari
Nemelex Xobeh
Okawaru


Innate Abilities, Weirdness & Mutations

You are small and have problems with some larger weapons.
You are completely attuned to the shadows.
You have a pair of small horns on your head.
You are robust. (+10% HP)


Message History

The spell is quite dangerous to cast (6% risk of failure)!
Continue anyway?
A film of ice covers your body!
You feel sick. The scorpion stings you.
You are more poisoned.
The scorpion poisons you!
There is a lethal amount of poison in your body!
Casting: Ozocubu's Armour (quite dangerous; 6% risk of failure)
Confirm with . or Enter, or press ? or * to list all spells.
Aiming: Freeze (safe; 2% risk of failure)
Press: ? - help, Shift-Dir - straight line, f - scorpion
Aim: a scorpion (moderately wounded)
You freeze the scorpion.
The scorpion is heavily wounded.
* * * LOW HITPOINT WARNING * * *
You feel sick.
The scorpion stings you but does no damage.
It was a potion of mutation.
You feel extremely strange.
You feel robust. A pair of horns grows on your head!
* * * LOW HITPOINT WARNING * * *
You feel sick. The scorpion stings you.
You die...

##########
#........#
#..s.....#
#...@.†..#
#........#
#......$.#
#........#
#........#
#........#
####..#####
#......#
#....[.#


You could see a scorpion.

Vanquished Creatures
  4 gnolls (D:3)
  An adder (D:2)
  2 oozes
  2 worms
  4 dart slugs
  A leopard gecko (D:1)
  An orc (D:3)
  2 ball pythons (D:1)
  6 bats
  5 giant cockroaches
  6 goblins
  7 hobgoblins
  A jackal (D:1)
  9 kobolds
  4 quokkas
  5 frilled lizards
  14 rats
74 creatures vanquished.

Notes
Turn   | Place    | Note
-------+----------+-------------------------------------------
     0 | D:1      | sizableburger the Kobold Ice Elementalist began the quest
                  | for the Orb.
     0 | D:1      | Reached XP level 1. HP: 10/10 MP: 3/3
   227 | D:1      | Reached XP level 2. HP: 15/15 MP: 0/5
   720 | D:1      | Reached XP level 3. HP: 19/19 MP: 4/6
   920 | D:1      | Learned a level 3 spell: Frozen Ramparts
  1593 | D:1      | Reached skill level 1 in Short Blades
  1643 | D:1      | Reached XP level 4. HP: 24/24 MP: 3/8
  1709 | D:2      | Learned a level 3 spell: Ozocubu's Armour
  1981 | D:2      | Found a broken altar of Ashenzari.
  3061 | D:3      | Found a sparkling altar of Nemelex Xobeh.
  3102 | D:3      | Reached XP level 5. HP: 28/28 MP: 9/9
  3116 | D:3      | Found an iron altar of Okawaru.
  3334 | D:3      | Gained mutation: You are robust. (+10% HP) [potion of
                  | mutation]
  3334 | D:3      | Gained mutation: You have a pair of small horns on your
                  | head. [potion of mutation]
  3334 | D:3      | Slain by a scorpion

Illustrated notes

Levels and vault maps discovered:
D:1:      elethiomel_arrival_infinity_welcomes_careful_drivers,
          layout_loops_ring, grunt_decor_junction, minmay_cut_off
D:2:      layout_rooms, nicolae_ashenzari_panopticon
D:3:      layout_rooms, nicolae_overflow_crystal_walls,
          nemelex_xobeh_ov_fountains_minmay, minmay_shallow_snake_nest

Skill      XL: |  1  2  3  4  5 |
---------------+----------------+-----
Dodging        | 3 |  3.8
Short Blades   | 1 2 |  2.2
Spellcasting   | 3 |  3.2
Stealth        | |  2.9
Ice Magic      | |  4.9

Action                   |  1- 3 |  4- 6 || total
-------------------------+-------+-------++-------
Melee: Short sword       |    10 |   106 ||   116
 Cast: Freeze            |    43 |    11 ||    54
       Frozen Ramparts   |     2 |    10 ||    12
       Ozocubu's Armour  |       |     2 ||     2
  Use: Potion            |       |     1 ||     1
 Stab: Sleeping          |     3 |    11 ||    14
Armor: Robe              |     6 |    13 ||    19
Dodge: Dodged            |    43 |    81 ||   124
